 Dungeon Crawl Stone Soup version 0.25.1-9-gc5326a611f (webtiles) character file.

Game seed: 11331960586710048021

256 pokeman the Magician (level 5, -2/29 HPs)
             Began as a Deep Elf Wizard on Dec 24, 2020.
             Killed by divine providence
             ... invoked by an orc priest
              (11 damage)
             ... on level 3 of the Dungeon.
             The game lasted 00:06:17 (3252 turns).

pokeman the Magician (Deep Elf Wizard)              Turns: 3252, Time: 00:06:17

Health: -2/29      AC:  4    Str:  4    XL:     5   Next: 92%
Magic:  11/16      EV: 27    Int: 24    God:
Gold:   191        SH:  0    Dex: 13    Spells: 6/17 levels left

rFire    . . .     SeeInvis .   g - +1 scythe (freeze)
rCold    . . .     Gourm    .   (shield currently unavailable)
rNeg     . . .     Faith    .   e - +0 leather armour
rPois    .         Spirit   .   b - +0 hat
rElec    .         Reflect  .   f - scarf {repulsion}
rCorr    .         Harm     .   i - +0 pair of gloves (curse)
MR       .....                  (no boots)
Stlth    ++........             r - amulet of the acrobat
HPRegen  0.09/turn              (no ring)
MPRegen  0.15/turn              (no ring)

@: acrobat, repel missiles
A: no striking features
a: no special abilities


You were on level 3 of the Dungeon.
You were not hungry.

You visited 1 branch of the dungeon, and saw 3 of its levels.

You collected 191 gold pieces.

Inventory:

Hand Weapons
 g - a +1 scythe of freezing (weapon)
Missiles
 l - 54 arrows
 p - 20 bolts
Armour
 b - a +0 hat (worn)
 e - a +0 leather armour (worn)
 f - a scarf of repulsion (worn)
 i - a cursed +0 pair of gloves (worn)
Jewellery
 r - an amulet of the acrobat (around neck)
Wands
 v - a wand of iceblast (8)
Scrolls
 k - 3 scrolls of identify {unknown}
 m - a scroll of teleportation {unknown}
 n - a scroll of immolation {unknown}
 o - a scroll of random uselessness {unknown}
 t - a scroll of remove curse {unknown}
Potions
 a - a potion of haste {unknown}
 c - a potion of mutation {unknown}
 h - 4 potions of heal wounds {unknown}
 j - 2 potions of curing {unknown}
 s - a potion of resistance {unknown}
 u - a potion of degeneration {unknown}
Comestibles
 d - 6 rations
 q - 2 chunks of flesh


   Skills:
 - Level 1.0 Fighting
 - Level 1.0 Armour
 + Level 3.5 Dodging
 - Level 2.4 Stealth
 * Level 6.6 Spellcasting
 + Level 3.0 Conjurations
 - Level 1.1 Summonings
 - Level 1.1 Translocations
 + Level 1.9 Fire Magic


You had 6 spell levels left.
You knew the following spells:

 Your Spells              Type           Power        Failure   Level  Hunger
a - Magic Dart            Conj           ###.         3%          1    None
b - Mephitic Cloud        Conj/Pois/Air  ##......     26%         3    None
c - Call Imp              Summ           ##......     12%         2    None
d - Blink                 Tloc           N/A          12%         2    None
e - Conjure Flame         Conj/Fire      ###.....     14%         3    None

Your spell library contained the following spells:

 Spells                   Type           Power        Failure   Level  Hunger
 Slow                     Hex            #.......     21%         2    None


Dungeon Overview and Level Annotations

Branches:
Dungeon (3/15)

Altars:
Elyvilon
Yredelemnul


Message History

Press: ? - help, Shift-Dir - straight line, f - quokka
Aim: a quokka You miscast Magic Dart.
You are very lightly contaminated with residual magic.
Nothing appears to happen.
The quokka barely misses you.
Casting: Magic Dart (safe; 3% risk of failure)
Confirm with . or Enter, or press ? or * to list all spells.
Aiming: Magic Dart (safe; 3% risk of failure)
Press: ? - help, Shift-Dir - straight line, f/p - quokka
Aim: a quokka The magic dart hits the quokka.
You kill the quokka!
The orc throws a boomerang.
The boomerang hits you but does no damage.
The weapon returns to the orc!
The orc throws a boomerang.
The boomerang completely misses you.
Your magical contamination has completely faded away.
The orc priest invokes the aid of Beogh against you.
Beogh smites you!
You die...

......# ##.. ......# ##...
......# ##.... ......#
###############..... ...[..####
#....)..............
.........#######.#############...
...............#.###########.....
...#.###.#####.......)...........
.....###...# #..@......######....
####..####o# ##.#)..##..######...
###...###.## #.###..............
##.....o....###.# #####..########
...######.....#.# ##.# # .###.
###...#.### #.# # ##.. ##..o...#
#.# # #.. #......## #.# # #.#
##.##...# #.# #


You could see an orc priest.

Vanquished Creatures
  Sigmund (D:2)
  2 adders (D:2)
  A worm (D:2)
  2 dart slugs
  4 leopard geckos
  3 orcs (D:3)
  12 bats
  A giant cockroach (D:1)
  6 goblins
  9 hobgoblins
  8 kobolds
  2 quokkas
  A ball python (D:3)
  4 frilled lizards
  6 rats
62 creatures vanquished.

Notes
Turn   | Place    | Note
-------+----------+-------------------------------------------
     0 | D:1      | pokeman the Deep Elf Wizard began the quest for the Orb.
     0 | D:1      | Reached XP level 1. HP: 10/10 MP: 7/7
   204 | D:1      | Reached XP level 2. HP: 13/15 MP: 1/9
   891 | D:1      | Reached skill level 5 in Spellcasting
  1546 | D:2      | Reached XP level 3. HP: 20/20 MP: 3/11
  1551 | D:2      | Learned a level 3 spell: Mephitic Cloud
  1554 | D:2      | Learned a level 2 spell: Call Imp
  1557 | D:2      | Learned a level 2 spell: Blink
  1561 | D:2      | Learned a level 3 spell: Conjure Flame
  1701 | D:2      | Reached skill level 1 in Fighting
  1830 | D:2      | Reached skill level 1 in Armour
  2301 | D:2      | Reached XP level 4. HP: 25/25 MP: 11/13
  2319 | D:2      | Noticed Sigmund
  2334 | D:2      | Killed Sigmund
  2334 | D:2      | Reached skill level 6 in Spellcasting
  2334 | D:2      | Reached skill level 1 in Fire Magic
  2334 | D:2      | Reached XP level 5. HP: 3/29 MP: 9/16
  2666 | D:2      | Found a basalt altar of Yredelemnul.
  2757 | D:2      | Found a white marble altar of Elyvilon.
  3252 | D:3      | Killed from afar by an orc priest

Illustrated notes

Levels and vault maps discovered:
D:1:      grunt_arrival_crossed_arrows, layout_loops_corners,
          minmay_pentomino_t2
D:2:      layout_basic, kennysheep_ying_yang, first_ration, uniq_sigmund
D:3:      layout_rooms, chequers_temple_overflow_minitemple,
          minmay_randomly_rotated_circles

Skill      XL: |  1  2  3  4  5 |
---------------+----------------+-----
Spellcasting   | 5 6 |  6.6
Fighting       | 1 |  1.0
Conjurations   | 2 3 |  3.0
Armour         | 1 |  1.0
Dodging        | 3 |  3.5
Fire Magic     | 1 |  1.9
Stealth        | |  2.4
Summonings     | |  1.1
Translocations | |  1.1

Action                   |  1- 3 |  4- 6 || total
-------------------------+-------+-------++-------
Melee: Unarmed           |       |     2 ||     2
 Cast: Magic Dart        |   116 |    41 ||   157
       Conjure Flame     |       |     1 ||     1
       Mephitic Cloud    |       |     1 ||     1
 Stab: Confused          |       |     1 ||     1
  Eat: Chunk             |     4 |     3 ||     7
Armor: Leather armour    |     7 |     1 ||     8
Dodge: Dodged            |    16 |     6 ||    22
       Repelled          |       |     2 ||     2
